 Dungeon Sprint DCSS version 0.17.1-3-g152610e (webtiles) character file.

135 Kokonut the Cudgeler (level 4, -4/73 HPs)
             Began as a Troll Berserker on Mar 12, 2016.
             Was an Elder of Trog.
             Slain by a human (6 damage)
             ... in the Dungeon (Sprint III: "The Ten Rune Challenge").
             The game lasted 00:03:19 (222 turns).

Kokonut the Cudgeler (Troll Berserker)               Turns: 222, Time: 00:03:19

Health: -4/73      AC:  5    Str: 30    XL:     4   Next: 96%
Magic:  3/3        EV: 11    Int:  3    God:    Trog [****..]
Gold:   17         SH:  0    Dex: 10    Spells: 0 memorised, 3 levels left

rFire  . . .     SeeInvis .     a - +0 mace
rCold  . . .     Clarity  .     b - +0 animal skin
rNeg   . . .     SustAt   .     (no shield)
rPois  .         Gourm    +     (helmet restricted)
rElec  .         Spirit   .     (no cloak)
rCorr  .         Warding  .     (gloves unavailable)
rMut   .         NoTele   +     (boots unavailable)
MR     .....                    (no amulet)
Stlth  ..........               (no ring)
                                (no ring)

@: berserking, very quick, not resistant to hostile enchantments, extremely
unstealthy
A: unfitting armour, claws 3, fast metabolism 3, gourmand, regeneration 2,
shaggy fur 1, tough skin 2
a: Berserk, Trog's Hand, Brothers in Arms, Burn Spellbooks, Renounce Religion


You were in the Dungeon.
You worshipped Trog.
Trog was greatly pleased with you.
You were not hungry.

You visited 1 branch You collected 17 gold pieces.

Inventory:

Hand Weapons
 a - a +0 mace (weapon)
Armour
 b - a +0 animal skin (worn)
Scrolls
 i - a scroll of blinking
 l - 4 scrolls of remove curse
 n - a scroll of holy word {unknown}
 o - 3 scrolls of identify
 s - a scroll of immolation {unknown}
Potions
 d - a potion of curing
 e - a potion of heal wounds
 f - a potion of haste
 g - 2 potions of magic
 h - a potion of berserk rage
 j - a potion of lignification {unknown}
 m - 3 potions of mutation {unknown}
 q - 2 potions of cure mutation
 r - 3 potions of flight
 u - a potion of beneficial mutation {unknown}
Books
 k - a Grand Grimoire

   Spells                             Type                      Level
   a - Monstrous Menagerie            Summoning                    6
   b - Summon Greater Demon           Summoning                    7
   c - Malign Gateway                 Summoning/Translocation      7
   d - Summon Horrible Things         Summoning                    8
   Trog disapproves of the use of such an item.
Comestibles
 c - 2 bread rations
 p - a royal jelly
 t - a meat ration


   Skills:
 + Level 4.7 Fighting
 * Level 6.9 Maces & Flails
 + Level 4.8 Dodging


You had 3 spell levels left.
You didn't know any spells.

Dungeon Overview and Level Annotations

Branches:
Dungeon (1/1)

Altars:
Kikubaaqudgha
Okawaru
Sif Muna
Trog
Vehumet


Innate Abilities, Weirdness & Mutations

You are too large for most types of armour.
You have claws for hands.
Your metabolism is lightning-fast.
You like to eat raw meat.
You heal very quickly.
You are covered in fur (AC +1).
You have very tough skin (AC +2).


Message History

The human is lightly wounded.
The human barely misses you. x2
The human hits you!
You closely miss the human.
The human is lightly wounded.
The human barely misses you. The human hits you!
* * * LOW HITPOINT WARNING * * *
A red film seems to cover your vision as you go berserk!
You feel yourself moving faster!
You feel mighty!
You feel somewhat more hungry. The human closely misses you.
The human hits you!
* * * LOW HITPOINT WARNING * * *
The human closely misses you.
You barely miss the human. The human completely misses you. The human hits you.
* * * LOW HITPOINT WARNING * * *
You closely miss the human. The human hits you but does no damage.
The human hits you.
* * * LOW HITPOINT WARNING * * *
You miss the human. The human hits you.
You die...

▓▓▓▓▓▓ ▓▓▓ .....♣ ♣.#
##### ....♣♣ ♣♣.# #__[#
....♣♣♣ ♣..# #pp.#
....≈.♣♣♣..###+#@###+##
...≈≈..♣♣..#..........#
..≈≈≈≈.....'.⌠........#
..≈≈≈≈≈≈♣..#...######+#
.≈≈≈≈≈≈....#.⌠.#
.≈≈≈≈≈.....#...#
.≈≈≈.......#)###
...........#..§#
...........#___#


You could see 2 humans.

Vanquished Creatures
  A water elemental (D)
  A wizard (D)
  A kobold demonologist (D)
  A human (D)
  2 oozes (D)
  A phantom (D)
  2 rats (D)
9 creatures vanquished.

Vanquished Creatures (others)
  A draconian scorcher (D)
  A yaktaur (D)
  A plant (D)
3 creatures vanquished.

Grand Total: 12 creatures vanquished

Notes
Turn   | Place    | Note
--------------------------------------------------------------
     0 | D        | Kokonut the Troll Berserker began the quest for the Orb.
     0 | D        | Reached XP level 1. HP: 22/22 MP: 0/0
     5 | D        | Reached skill level 3 in Maces & Flails
     9 | D        | Reached ** piety under Trog
     9 | D        | Reached XP level 2. HP: 22/31 MP: 1/1
    69 | D        | Reached skill level 4 in Maces & Flails
    69 | D        | Reached XP level 3. HP: 37/37 MP: 2/2
   114 | D        | Noticed a water elemental
   120 | D        | Killed a water elemental
   120 | D        | Reached skill level 6 in Maces & Flails
   120 | D        | Reached XP level 4. HP: 48/48 MP: 3/3
   132 | D        | Killed a yaktaur
   145 | D        | Killed a white draconian scorcher
   177 | D        | Found a radiant altar of Vehumet.
   177 | D        | Found a deep blue altar of Sif Muna.
   177 | D        | Found an ancient bone altar of Kikubaaqudgha.
   177 | D        | Noticed a wizard
   182 | D        | Killed a wizard
   182 | D        | Reached *** piety under Trog
   196 | D        | Reached **** piety under Trog
   212 | D        | Found an iron altar of Okawaru.
   212 | D        | Found a bloodstained altar of Trog.
   212 | D        | Noticed a human
   212 | D        | Noticed a human
   221 | D        | HP: 1/73 [human (5)]
   222 | D        | Slain by a human

Action                   |  1- 3 |  4- 6 || total
-------------------------+-------+-------++-------
Melee: Mace              |    22 |    16 ||    38
Invok: Berserk           |     2 |     2 ||     4
       Burn Spellbooks   |       |     1 ||     1
  Eat: Chunk             |     4 |     1 ||     5
